[ AOE2 MATCH · #505547225 ]
UnrankedByzantines vs Georgians
Player's team · WIN
[ REPLAY ANALYSIS · EXTRACTED FROM THE RECORDED GAME ]
Feudal
10:07
Castle
21:45
Imperial
36:20
| APM avg | 32.3 |
| APM peak | 74 |
| eAPM avg | 21.4 |
| Villagers / military | 128 / 63 |
Focus
⚔️ 30.6% · 🌾 69.4%
Camel Scout ×22 · Skirmisher ×15 · Spearman ×12 · Bombard Cannon ×5 · Scout Cavalry ×3 · Monk ×2
Feudal
7:49
Castle
20:47
Imperial
35:06
| APM avg | 40.2 |
| APM peak | 87 |
| eAPM avg | 16.7 |
| Villagers / military | 83 / 56 |
Focus
⚔️ 27.8% · 🌾 72.2%
Knight ×22 · Spearman ×16 · Trebuchet (Packed) ×8 · Monk ×5 · Scout Cavalry ×4 · Monaspa ×1
Match map
Initial resources + every placement click. Lines = walls · curves = elevation contours. ◆ gold · ⬟ stone · ● berries · ✦ relic · ◌ wall gap
Your base· Open — 6t gap
ELEG VACASADA's base· ✓ Closed at 20:47 · 7t walls · 1 gate(s)
Smoothed initial terrain · ◌ = detected wall gap · hover for details
Inputs per minute
— pabloic16 - - ELEG VACASADA
Build order — pabloic16
First 150 of 367 actions detected
| 0:00 | Queue | Villager (Male) |
| 0:01 | Queue | Villager (Male) |
| 0:02 | Build | House |
| 0:03 | Build | House |
| 0:19 | Queue | Villager (Male) |
| 0:20 | Queue | Villager (Male) |
| 1:23 | Queue | Villager (Male) |
| 1:24 | Queue | Villager (Male) |
| 1:41 | Queue | Villager (Male) |
| 1:41 | Queue | Villager (Male) |
| 1:46 | Build | Lumber Camp |
| 2:16 | Queue | Villager (Male) |
| 2:17 | Queue | Villager (Male) |
| 2:35 | Queue | Villager (Male) |
| 2:35 | Queue | Villager (Male) |
| 3:03 | Queue | Villager (Male) |
| 3:03 | Queue | Villager (Male) |
| 3:29 | Queue | Villager (Male) |
| 3:29 | Queue | Villager (Male) |
| 3:52 | Build | House |
| 4:12 | Queue | Villager (Male) |
| 4:15 | Build | Mill |
| 4:30 | Queue | Villager (Male) |
| 5:00 | Queue | Villager (Male) |
| 5:00 | Queue | Villager (Male) |
| 5:23 | Queue | Villager (Male) |
| 5:23 | Queue | Villager (Male) |
| 5:39 | Queue | Villager (Male) |
| 5:57 | Build | House |
| 6:01 | Queue | Villager (Male) |
| 6:09 | Queue | Villager (Male) |
| 6:09 | Queue | Villager (Male) |
| 6:30 | Queue | Villager (Male) |
| 6:45 | Research | Loom |
| 7:45 | Research | Feudal Age |
| 8:26 | Build | Lumber Camp |
| 8:44 | Build | Barracks |
| 8:50 | Build | House |
| 9:16 | Queue | Villager (Male) |
| 9:16 | Queue | Villager (Male) |
| 10:07 | Age | Feudal Age |
| 10:08 | Build | Stable |
| 10:09 | Research | Double-Bit Axe |
| 10:26 | Queue | Villager (Male) |
| 10:29 | Queue | Spearman |
| 10:39 | Build | Blacksmith |
| 10:54 | Queue | Spearman |
| 10:55 | Queue | Scout Cavalry |
| 10:55 | Queue | Scout Cavalry |
| 10:58 | Build | House |
| 11:05 | Build | Farm |
| 11:15 | Queue | Villager (Male) |
| 11:15 | Queue | Villager (Male) |
| 11:19 | Build | Farm |
| 11:30 | Queue | Scout Cavalry |
| 11:35 | Build | House |
| 11:38 | Build | House |
| 11:44 | Queue | Villager (Male) |
| 11:44 | Queue | Villager (Male) |
| 11:47 | Build | Farm |
| 11:48 | Build | Farm |
| 11:50 | Queue | Villager (Male) |
| 12:11 | Build | Palisade Wall |
| 12:15 | Queue | Villager (Male) |
| 12:15 | Queue | Villager (Male) |
| 12:22 | Queue | Spearman |
| 12:34 | Build | Farm |
| 12:38 | Build | Farm |
| 12:40 | Build | Farm |
| 12:44 | Build | Farm |
| 12:45 | Queue | Villager (Male) |
| 12:48 | Build | Farm |
| 13:00 | Queue | Villager (Male) |
| 13:05 | Build | Farm |
| 13:09 | Build | House |
| 13:10 | Build | House |
| 13:22 | Queue | Villager (Male) |
| 13:34 | Build | Farm |
| 13:36 | Queue | Villager (Male) |
| 13:49 | Build | Market |
| 14:02 | Queue | Villager (Male) |
| 14:19 | Build | Farm |
| 14:52 | Build | Farm |
| 15:01 | Queue | Villager (Male) |
| 15:05 | Build | House |
| 15:12 | Build | Farm |
| 15:18 | Build | Palisade Wall |
| 15:33 | Research | Wheelbarrow |
| 15:36 | Build | Farm |
| 15:40 | Research | Horse Collar |
| 16:03 | Build | House |
| 16:17 | Build | Mining Camp |
| 16:40 | Build | House |
| 16:48 | Build | Farm |
| 16:52 | Build | Farm |
| 16:53 | Queue | Villager (Male) |
| 17:12 | Build | Stable |
| 17:18 | Build | Farm |
| 17:18 | Build | Farm |
| 17:18 | Build | Farm |
| 17:18 | Build | Farm |
| 17:21 | Build | Farm |
| 17:39 | Queue | Villager (Male) |
| 17:44 | Build | Farm |
| 17:49 | Build | House |
| 17:50 | Build | House |
| 18:05 | Build | House |
| 18:07 | Build | Palisade Wall |
| 18:14 | Build | Farm |
| 18:36 | Queue | Villager (Male) |
| 19:05 | Research | Castle Age |
| 19:22 | Queue | Villager (Male) |
| 19:23 | Queue | Villager (Male) |
| 19:31 | Build | Archery Range |
| 19:50 | Research | Scale Barding Armor |
| 20:29 | Build | Archery Range |
| 20:32 | Research | Fletching |
| 20:32 | Research | Padded Archer Armor |
| 21:10 | Queue | Skirmisher |
| 21:10 | Queue | Skirmisher |
| 21:12 | Build | House |
| 21:14 | Build | House |
| 21:20 | Research | Gold Mining |
| 21:31 | Queue | Villager (Male) |
| 21:45 | Age | Castle Age |
| 21:58 | Research | Elite Skirmisher (upgrade) |
| 22:01 | Research | Husbandry |
| 22:03 | Research | Bodkin Arrow |
| 22:03 | Research | Bodkin Arrow |
| 22:21 | Queue | Villager (Male) |
| 22:21 | Queue | Villager (Male) |
| 22:21 | Queue | Villager (Male) |
| 22:44 | Queue | Villager (Male) |
| 23:13 | Build | Palisade Wall |
| 23:18 | Research | Bow Saw |
| 23:22 | Queue | Camel Scout |
| 23:23 | Queue | Camel Scout |
| 23:23 | Queue | Camel Scout |
| 23:28 | Queue | Villager (Male) |
| 23:28 | Queue | Villager (Male) |
| 23:33 | Build | Town Center |
| 23:40 | Queue | Camel Scout |
| 23:40 | Queue | Camel Scout |
| 23:42 | Queue | Skirmisher |
| 23:42 | Queue | Skirmisher |
| 23:44 | Queue | Villager (Male) |
| 23:44 | Queue | Villager (Male) |
| 23:44 | Queue | Villager (Male) |
| 23:49 | Build | House |
| 24:08 | Build | Outpost |
Build order — ELEG VACASADA
First 150 of 253 actions detected
| 0:00 | Queue | Villager (Male) |
| 0:00 | Queue | Villager (Male) |
| 0:02 | Build | House |
| 0:03 | Build | House |
| 0:09 | Queue | Villager (Male) |
| 0:10 | Queue | Villager (Male) |
| 1:25 | Queue | Villager (Male) |
| 1:54 | Queue | Villager (Male) |
| 2:32 | Queue | Villager (Male) |
| 2:46 | Queue | Villager (Male) |
| 3:26 | Build | House |
| 3:28 | Queue | Villager (Male) |
| 3:28 | Queue | Villager (Male) |
| 3:50 | Queue | Villager (Male) |
| 4:26 | Build | Mill |
| 4:43 | Queue | Villager (Male) |
| 4:56 | Research | Loom |
| 5:39 | Research | Feudal Age |
| 5:39 | Research | Feudal Age |
| 6:35 | Build | House |
| 6:39 | Build | House |
| 7:06 | Build | Barracks |
| 7:49 | Age | Feudal Age |
| 7:55 | Queue | Villager (Male) |
| 7:56 | Queue | Villager (Male) |
| 8:34 | Queue | Villager (Male) |
| 8:46 | Build | Stable |
| 9:16 | Queue | Scout Cavalry |
| 9:17 | Queue | Scout Cavalry |
| 9:17 | Queue | Scout Cavalry |
| 9:33 | Build | House |
| 9:34 | Build | Palisade Wall |
| 9:44 | Build | House |
| 9:47 | Queue | Villager (Male) |
| 10:06 | Queue | Villager (Male) |
| 10:17 | Queue | Villager (Male) |
| 10:32 | Build | House |
| 10:34 | Queue | Villager (Male) |
| 10:51 | Queue | Scout Cavalry |
| 11:02 | Build | House |
| 11:07 | Build | Mule Cart |
| 11:23 | Queue | Villager (Male) |
| 11:29 | Queue | Villager (Male) |
| 11:36 | Build | House |
| 11:37 | Build | Palisade Wall |
| 11:44 | Queue | Villager (Male) |
| 12:13 | Build | House |
| 12:14 | Build | Palisade Wall |
| 12:21 | Build | Palisade Wall |
| 12:26 | Build | House |
| 12:27 | Queue | Villager (Male) |
| 12:34 | Queue | Villager (Male) |
| 12:54 | Build | Palisade Gate |
| 12:58 | Build | House |
| 13:06 | Queue | Villager (Male) |
| 13:10 | Queue | Villager (Male) |
| 13:28 | Queue | Villager (Male) |
| 13:35 | Build | Farm |
| 13:48 | Build | Farm |
| 13:53 | Build | Farm |
| 13:58 | Research | Double-Bit Axe |
| 14:02 | Build | Farm |
| 14:07 | Build | Farm |
| 14:25 | Build | Farm |
| 14:53 | Queue | Villager (Male) |
| 14:56 | Build | Farm |
| 14:57 | Build | Farm |
| 15:19 | Build | Farm |
| 15:20 | Queue | Villager (Male) |
| 15:37 | Build | Farm |
| 15:55 | Build | Farm |
| 16:10 | Queue | Villager (Male) |
| 16:47 | Queue | Villager (Male) |
| 16:52 | Build | Market |
| 17:10 | Queue | Villager (Male) |
| 17:42 | Queue | Villager (Male) |
| 17:47 | Research | Castle Age |
| 18:33 | Build | Stable |
| 18:47 | Build | Blacksmith |
| 19:07 | Build | Farm |
| 19:07 | Build | Farm |
| 19:08 | Build | Farm |
| 19:08 | Build | Farm |
| 19:08 | Build | Farm |
| 19:08 | Build | Farm |
| 19:09 | Build | Farm |
| 19:20 | Research | Bloodlines |
| 19:45 | Build | House |
| 20:32 | Research | Forging |
| 20:42 | Research | Horse Collar |
| 20:47 | Age | Castle Age |
| 20:51 | Queue | Knight |
| 20:52 | Queue | Knight |
| 20:52 | Queue | Knight |
| 20:59 | Build | Stable |
| 21:09 | Queue | Villager (Male) |
| 21:10 | Queue | Villager (Male) |
| 21:19 | Build | Monastery |
| 21:22 | Queue | Villager (Male) |
| 21:25 | Research | Scale Barding Armor |
| 21:31 | Queue | Knight |
| 21:31 | Queue | Knight |
| 21:49 | Queue | Knight |
| 21:50 | Queue | Knight |
| 21:52 | Queue | Villager (Male) |
| 22:02 | Build | Monastery |
| 22:05 | Queue | Villager (Male) |
| 22:13 | Build | House |
| 22:14 | Queue | Villager (Male) |
| 22:18 | Queue | Villager (Male) |
| 22:33 | Build | Town Center |
| 22:43 | Research | Husbandry |
| 23:03 | Queue | Villager (Male) |
| 23:06 | Build | House |
| 23:09 | Queue | Knight |
| 23:09 | Queue | Knight |
| 23:09 | Queue | Knight |
| 23:11 | Queue | Monk |
| 23:17 | Queue | Villager (Male) |
| 23:17 | Queue | Villager (Male) |
| 23:25 | Build | Farm |
| 23:31 | Queue | Villager (Male) |
| 23:42 | Queue | Villager (Male) |
| 23:43 | Build | Farm |
| 23:57 | Queue | Knight |
| 23:57 | Queue | Knight |
| 24:11 | Queue | Monk |
| 24:17 | Queue | Knight |
| 24:18 | Queue | Knight |
| 24:22 | Queue | Villager (Male) |
| 24:25 | Build | Farm |
| 24:39 | Queue | Villager (Male) |
| 24:40 | Queue | Villager (Male) |
| 24:42 | Queue | Villager (Male) |
| 24:46 | Build | Farm |
| 24:47 | Queue | Villager (Male) |
| 24:50 | Build | House |
| 24:53 | Build | House |
| 25:08 | Queue | Knight |
| 25:08 | Queue | Knight |
| 25:08 | Queue | Knight |
| 25:14 | Build | Farm |
| 25:15 | Build | Farm |
| 25:17 | Queue | Villager (Male) |
| 25:39 | Queue | Knight |
| 25:59 | Build | House |
| 26:02 | Build | Palisade Wall |
| 26:06 | Build | Farm |
| 26:10 | Build | Farm |
| 26:11 | Queue | Villager (Male) |
Match timeline
| 7:06 | ELEG VACASADA · first_building Barracks |
| 7:49 | ELEG VACASADA · age_up feudal |
| 8:44 | pabloic16 · first_building Barracks |
| 8:46 | ELEG VACASADA · first_building Stable |
| 9:34 | ELEG VACASADA · wall_segment Palisade Wall x1 |
| 10:07 | pabloic16 · age_up feudal |
| 10:08 | pabloic16 · first_building Stable |
| 11:37 | ELEG VACASADA · wall_segment Palisade Wall x1 |
| 12:11 | pabloic16 · wall_segment Palisade Wall x7 |
| 12:14 | ELEG VACASADA · wall_segment Palisade Wall x1 |
| 12:21 | ELEG VACASADA · wall_segment Palisade Wall x4 |
| 15:18 | pabloic16 · wall_segment Palisade Wall x7 |
| 18:07 | pabloic16 · wall_segment Palisade Wall x1 |
| 19:04 | pabloic16 · first_market_sell 100 food |
| 19:31 | pabloic16 · first_building Archery Range |
| 20:47 | ELEG VACASADA · age_up castle |
| 21:19 | ELEG VACASADA · first_building Monastery |
| 21:45 | pabloic16 · age_up castle |
| 23:13 | pabloic16 · wall_segment Palisade Wall x2 |
| 25:25 | pabloic16 · wall_segment Palisade Wall x9 |
| 26:02 | ELEG VACASADA · wall_segment Palisade Wall x1 |
| 29:13 | ELEG VACASADA · wall_segment Stone Wall x15 |
| 29:19 | pabloic16 · wall_segment Palisade Wall x1 |
| 31:13 | ELEG VACASADA · wall_segment Stone Wall x7 |
| 31:51 | pabloic16 · first_building Castle |
| 32:18 | pabloic16 · first_building Monastery |
| 33:49 | pabloic16 · first_building Siege Workshop |
| 33:57 | ELEG VACASADA · first_market_buy 100 stone |
| 34:04 | ELEG VACASADA · first_building Castle |
| 35:06 | ELEG VACASADA · age_up imperial |
| 36:20 | pabloic16 · age_up imperial |
| 42:16 | ELEG VACASADA · resign |
[ AI ANALYSIS · 1 CREDIT ]
What really happened in this match?
Wolo.gg analyzes every decision: build order, eco, micro, common mistakes by bracket. Personalized analysis on WhatsApp or Discord in 30 seconds.
Civ guide
Byzantines
Perfil
Jugador #2181986